 Dungeon Crawl Stone Soup version 0.30.0-29-ga12c61a403 (webtiles) character file.

Game seed: 15983250441762898602

60 Fecro the Sneak (level 3, 0/18 HPs)
             Began as a Spriggan Brigand on June 21, 2023.
             Killed by divine providence
             ... invoked by an orc priest
              (9 damage)
             ... on level 2 of the Dungeon.
             The game lasted 00:05:42 (1702 turns).

Fecro the Sneak (Spriggan Brigand)                  Turns: 1702, Time: 00:05:42

Health: 0/18       AC:  3    Str:  7    XL:     3   Next: 82%
Magic:  4/4        EV: 16    Int: 12    God:
Gold:   74         SH:  0    Dex: 18    Spells: 2/2 levels left

rFire   . . .        a - +2 dagger
rCold   . . .        (no shield)
rNeg    . . .        b - +0 robe
rPois   .            (helmet restricted)
rElec   .            c - +0 cloak
rCorr   .            (gloves unavailable)
SInv    +            (boots unavailable)
Will    .....        (no amulet)
Stlth   ++++         (no ring)
HPRegen 0.23/turn    (no ring)
MPRegen 0.09/turn

%: no passive effects
@: very quick
A: very small, no large weapons, unfitting armour, see invisible, speed 3
a: no special abilities


You were on level 2 of the Dungeon.
You visited 1 branch of the dungeon, and saw 2 of its levels.

You collected 74 gold pieces.

Inventory:

Hand Weapons
 a - a +2 dagger (weapon)
Missiles
 d - 7 poisoned darts (quivered)
 e - 3 curare-tipped darts
 i - 29 stones
Armour
 b - a +0 robe (worn)
 c - a +0 cloak (worn)
Scrolls
 f - a scroll of amnesia
Potions
 g - a potion of attraction {unknown}
 h - 2 potions of mutation
 j - a potion of brilliance
 k - a potion of flight {unknown}
 l - a potion of heal wounds {unknown}
 m - a potion of degeneration {unknown}
 n - a potion of curing {unknown}


   Skills:
 + Level 1.7 Fighting
 + Level 2.4 Short Blades
 * Level 2.3 Throwing
 + Level 1.5 Dodging
 * Level 7.7 Stealth


You had 2 spell levels left.
You didn't know any spells.
Your spell library contained the following spells:

 Spells                   Type           Power      Damage    Failure   Level
 Call Canine Familiar     Summ           0%         N/A       69%         3
 Dazzling Flash           Conj/Hex       0%         N/A       69%         3
 Gell's Gravitas          Tloc           0%         N/A       69%         3
 Portal Projectile        Hex/Tloc       0%         N/A       69%         3
 Teleport Other           Tloc           0%         N/A       69%         3
 Leda's Liquefaction      Hex/Erth       0%         N/A       97%         4
 Agony                    Necr           0%         N/A       100%        5
 Silence                  Hex/Air        0%         N/A       100%        5
 Dispersal                Tloc           0%         N/A       100%        6


Dungeon Overview and Level Annotations

Branches:
Dungeon (2/15)

Altars:

Shops:
D:2 [


Innate Abilities, Weirdness & Mutations

You are very small and have problems with some larger weapons.
You are too small for most types of armour.
You have supernaturally acute eyesight. (SInv)
You cover ground extremely quickly. (Speed+++)


Message History

You kill the orc!
Things that are here:
a +0 hand axe; an orc corpse The helpless orc fails to defend itself.
You spit the orc like a pig!!!
You kill the orc!
The orc shouts! x2; You hear a shout!
An orc priest comes into view. It is wielding a +0 flail.
The orc misses you.
You hit the orc.
The orc is heavily wounded.
The orc priest looks encouraged for a moment.
Things that are here:
a +0 hand axe; an orc corpse You throw a poisoned dart.
The poisoned dart closely misses the orc.
The poisoned dart hits the orc.
The orc is poisoned.
The orc throws a boomerang.
The boomerang closely misses you.
You throw a poisoned dart.
The poisoned dart barely misses the orc.
The poisoned dart completely misses the orc.
The orc throws a boomerang.
The boomerang hits you but does no damage.
The orc priest invokes the aid of Beogh against you.
Beogh smites you!
Ouch! That really hurt!
The orc priest calls upon Beogh to heal the orc.
The orc's wounds heal themselves!
You are too injured to fight recklessly!
You hit the orc.
You kill the orc!
The orc looks more healthy.
You open the door.
There is an open door here.
You close the door.
An orc opens the door.
The orc priest calls down the wrath of Beogh upon you.
Beogh smites you!
Ouch! That really hurt!
You die...

###.###.###......# #.#
#.###.#...## # # ###.#
#.....##.## #. .# #...#
########.# #.## ##.# #.#.#
#.# ... ... #.#.# ##'## #.#.#
....# ##...## #.()# #.####
##.....## ####)## #.##.##
##..÷..@.## ##.##.#
#.....####.........####...#)#
.........'.........'oooo....#
......####.........####...###
.....## ##.......## ##..#
....## ##.....## ##.# #..∩#
##...## #.# ##.## ##+## #.#
#.# #.##########.#


You could see an orc priest and an orc.

Vanquished Creatures
  An adder (D:2)
  3 dart slugs (D:1)
  4 orcs (D:2)
  2 ball pythons (D:1)
  4 endoplasms
  2 giant cockroaches (D:1)
  3 goblins
  2 hobgoblins (D:1)
  4 jackals (D:1)
  4 kobolds
  3 bats
  3 frilled lizards (D:2)
  3 rats (D:1)
38 creatures vanquished.

Notes
Turn   | Place    | Note
-------+----------+-------------------------------------------
     0 | D:1      | Fecro the Spriggan Brigand began the quest for the Orb.
     0 | D:1      | Reached XP level 1. HP: 10/10 MP: 2/2
    43 | D:1      | Reached skill level 6 in Stealth
   118 | D:1      | Reached XP level 2. HP: 9/14 MP: 3/3
   346 | D:1      | Reached skill level 7 in Stealth
   482 | D:1      | Reached XP level 3. HP: 17/18 MP: 4/4
  1119 | D:2      | Found Becel's Armour Emporium.
  1702 | D:2      | Killed from afar by an orc priest

Illustrated notes

Levels and vault maps discovered:
D:1:      minmay_arrival_radiant_lines, layout_basic, minmay_pentomino_o2
D:2:      layout_loops_corners, serial_shops, shop

Skill      XL: |  1  2 |
---------------+-------+-----
Stealth        | 6 7 |  7.7
Fighting       | |  1.7
Short Blades   | |  2.4
Throwing       | |  2.3
Dodging        | |  1.5

Action                     || total
---------------------------++-------
  Melee: Dagger            ||   112
         Punch             ||     1
  Throw: Dart              ||     3
    Use: Scroll            ||     3
   Stab: Sleeping          ||    11
 Armour: Robe              ||    12
  Dodge: Dodged            ||    67
